 Dungeon Crawl Stone Soup version 0.22.1-2-g9c5b331 (webtiles) character file.

278610 dvd the Warrior (level 19, 0/177 HPs)
             Began as a Minotaur Gladiator on Nov 18, 2018.
             Was the Champion of Qazlal.
             Killed by vampiric draining
             ... invoked by a deep elf death mage
              (7 damage)
             ... on level 3 of the Elven Halls on Nov 21, 2018.
             The game lasted 02:32:02 (45519 turns).

dvd the Warrior (Minotaur Gladiator)               Turns: 45519, Time: 02:32:04

Health: 0/177      AC: 30    Str: 22    XL:     19   Next: 63%
Magic:  27/27      EV: 16    Int:  5    God:    Qazlal [******]
Gold:   3217       SH:  8    Dex: 15    Spells: 16/18 levels left

rFire    + . .     SeeInvis +   Q - +8 battleaxe (protect)
rCold    + . .     Gourm    .   (shield currently unavailable)
rNeg     . . .     Faith    +   V - +6 scale mail {rPois}
rPois    +         Spirit   .   L - +2 hat
rElec    +         Reflect  .   O - +2 cloak
rCorr    .         Harm     .   h - +0 pair of gloves
MR       ++...     Clarity  +   T - +0 pair of boots
Stlth    +.........             u - amulet "Wicod" {Faith rC+}
HPRegen  0.39/turn              l - ring of protection from magic
MPRegen  0.20/turn              i - ring of see invisible

@: protected from electricity, protection aura, drained, repel missiles
A: retaliatory headbutt, horns 2, clarity, clumsy 1, fire resistance 1, sense
surroundings 1, evolution 1
}: 2/15 runes: barnacled, gossamer
a: Upheaval, Elemental Force, Disaster Area, Renounce Religion


You were on level 3 of the Elven Halls.
You worshipped Qazlal.
Qazlal was exalted by your worship.
You were hungry.

You visited 7 branches of the dungeon, and saw 35 of its levels.
You also visited: Ossuary.

You collected 3619 gold pieces.
You spent 402 gold pieces at shops.

Inventory:

Hand Weapons
 b - the +0 hunting sling of Kuga {venom, rPois Str+6 Int+4}
   (You took it off Ijyb on level 4 of the Dungeon)

   It poisons the ammo it fires.
   It affects your strength (+6).
   It affects your intelligence (+4).
   It protects you from poison.
 c - a +9 great mace of protection
 Q - a +8 battleaxe of protection (weapon)
Missiles
 o - 3 tomahawks of returning (quivered)
 z - 113 tomahawks
 A - 383 sling bullets
 R - 17 steel javelins
 S - 21 javelins
Armour
 h - a +0 pair of gloves (worn)
 L - a +2 hat (worn)
 O - a +2 cloak (worn)
 T - a +0 pair of boots (worn)
 U - a +2 buckler of cold resistance
 V - a +6 scale mail of poison resistance (worn)
Jewellery
 e - a +3 ring of evasion
 i - a ring of see invisible (right hand)
 l - a ring of protection from magic (left hand)
 p - an uncursed amulet of regeneration
 u - the amulet "Wicod" (around neck) {Faith rC+}
   (You found it on level 15 of the Dungeon)

   [amulet of faith]

   It allows you to gain divine favour quickly.
   It protects you from cold.
 D - an uncursed ring of resist corrosion
 G - an uncursed ring of flight
 W - an uncursed ring of protection from cold
Wands
 a - a wand of disintegration (14)
 g - a wand of acid (9)
 x - a wand of paralysis (107)
 E - a wand of flame (50)
 X - a wand of iceblast (14)
Scrolls
 k - 14 scrolls of remove curse
 m - 14 scrolls of teleportation
 n - 6 scrolls of fog
 q - 22 scrolls of identify
 r - 6 scrolls of magic mapping
 w - a scroll of summoning
 y - 3 scrolls of fear
 I - a scroll of enchant armour
 P - 2 scrolls of holy word
Potions
 j - 3 potions of flight
 s - 2 potions of brilliance
 t - 3 potions of agility
 v - 5 potions of curing
 J - 7 potions of mutation
 N - 5 potions of magic
 Y - a potion of haste
 Z - 2 potions of might
Comestibles
 f - 49 rations


   Skills:
 + Level 17.3(15.7) Fighting
 + Level 15.7(16.6) Axes
 + Level 15.7(16.5) Maces & Flails
   Level 4.0(9.9) Polearms
 + Level 14.4(13.6) Slings
 + Level 7.1(9.8) Throwing
 + Level 13.2(11.7) Armour
 + Level 11.6(10.2) Dodging
 + Level 3.7(2.6) Stealth
 + Level 11.0(9.6) Shields
 + Level 1.6(0.5) Translocations
 * Level 13.3(11.8) Invocations
 + Level 2.2(1.1) Evocations


You had 16 spell levels left.
You knew the following spells:

 Your Spells              Type           Power        Failure   Level  Hunger
a - Blink                 Tloc           N/A          80%         2    ###....

Your spell library contained the following spells:

 Spells                   Type           Power        Failure   Level  Hunger
 Apportation              Tloc           #.....       67%         1    ##.....
 Animate Skeleton         Necr           N/A          75%         1    ##.....
 Beastly Appendage        Tmut           #.....       75%         1    ##.....
 Confusing Touch          Hex            #.....       75%         1    ##.....
 Corona                   Hex            #......      75%         1    ##.....
 Flame Tongue             Conj/Fire      #....        75%         1    ##.....
 Sandblast                Erth           #.....       75%         1    ##.....
 Summon Small Mammal      Summ           #...         75%         1    ##.....
 Shroud of Golubria       Chrm/Tloc      #.........   83%         2    ###....
 Passwall                 Tmut/Erth      #.......     86%         2    ###....
 Slow                     Hex            #.......     86%         2    ###....
 Sticks to Snakes         Tmut           #.......     86%         2    ###....
 Throw Flame              Conj/Fire      #.....       86%         2    ###....
 Gell's Gravitas          Tloc           #.........   95%         3    ####...
 Lesser Beckoning         Tloc           #.........   95%         3    ####...
 Teleport Other           Tloc           #.......     95%         3    ####...
 Portal Projectile        Hex/Tloc       #.....       97%         3    ####...
 Recall                   Summ/Tloc      N/A          97%         3    ####...
 Confuse                  Hex            #.......     98%         3    ####...
 Conjure Flame            Conj/Fire      #.......     98%         3    ####...
 Inner Flame              Hex/Fire       #.......     98%         3    ####...
 Spider Form              Tmut/Pois      #.........   98%         3    ####...
 Static Discharge         Conj/Air       #.......     98%         3    ####...
 Stone Arrow              Conj/Erth      #.....       98%         3    ####...
 Cause Fear               Hex            #.........   100%        4    #####..
 Ice Form                 Ice/Tmut       #.......     100%        4    #####..
 Leda's Liquefaction      Hex/Erth       #.........   100%        4    #####..
 Passage of Golubria      Tloc           N/A          100%        4    #####..
 Petrify                  Tmut/Erth      #.......     100%        4    #####..
 Sticky Flame             Conj/Fire      #.......     100%        4    #####..
 Aura of Abjuration       Summ           #.........   100%        5    ######.
 Blade Hands              Tmut           #.........   100%        5    ######.
 Fireball                 Conj/Fire      #.........   100%        5    ######.
 Irradiate                Conj/Tmut      #.........   100%        5    ######.
 Lee's Rapid Deconstruct  Erth           #.........   100%        5    ######.
 Lightning Bolt           Conj/Air       #.........   100%        5    ######.
 Metabolic Englaciation   Hex/Ice        #.........   100%        5    ######.
 Summon Demon             Summ           #.........   100%        5    ######.
 Summon Forest            Summ/Tloc      #.........   100%        5    ######.
 Summon Mana Viper        Hex/Summ       #.......     100%        5    ######.
 Yara's Violent Unravell  Hex/Tmut       #.........   100%        5    ######.
 Bolt of Cold             Conj/Ice       #.........   100%        6    #######
 Freezing Cloud           Conj/Ice/Air   #.........   100%        6    #######
 Hydra Form               Tmut           #.........   100%        6    #######
 Ozocubu's Refrigeration  Ice            #.........   100%        6    #######
 Shadow Creatures         Summ           N/A          100%        6    #######
 Simulacrum               Ice/Necr       #.........   100%        6    #######
 Statue Form              Tmut/Erth      #........    100%        6    #######
 Dragon Form              Tmut           #.........   100%        7    #######
 Ignition                 Fire           #.........   100%        8    #######
 Shatter                  Erth           #.........   100%        9    #######
 Tornado                  Air            #.........   100%        9    #######


Dungeon Overview and Level Annotations

Branches:
Dungeon (15/15)            Temple (1/1) D:5            Lair (6/6) D:8
 Shoals (4/4) Lair:3       Spider (4/4) Lair:2          Orc (2/2) D:11
    Elf (3/3) Orc:2        Vaults (0/5) D:14         Depths (0/5) D:15
  Slime: Lair:5-6

Altars:
Ashenzari
Cheibriados
Dithmenos
Elyvilon
Fedhas
Gozag
Hepliaklqana
Kikubaaqudgha
Makhleb
Nemelex Xobeh
Okawaru
Qazlal
Ru
Sif Muna
Trog
Uskayaw
Vehumet
Wu Jian
Xom
Yredelemnul
Zin
The Shining One
Beogh

Shops:
D:4 !}   Orc:2 (%}*   Elf:1 ?

Annotations:
D:13 1 runed door


Innate Abilities, Weirdness & Mutations

You reflexively headbutt those who attack you in melee.
You have a pair of horns on your head.
You possess an exceptional clarity of mind.
You are clumsy. (Dex -2)
Your flesh is heat resistant. (rF+)
You passively map a small area around you.
You evolve.


Message History

The war axe of electrocution hits you but does no damage.
The deep elf death mage points at you and mumbles some strange words.
The bolt of negative energy misses you.
The deep elf death mage is struck by lightning.
The war axe of electrocution hits you.
* * * LOW HITPOINT WARNING * * *
You hear a shout! x2
You hit the war axe of electrocution but do no damage.
Your headbutt misses the war axe of electrocution.
The war axe of electrocution is severely damaged.
You slash the deep elf death mage!
You block the deep elf death mage's attack.
The war axe of electrocution closely misses you.
You miss the war axe of electrocution.
Your headbutt misses the war axe of electrocution.
The war axe of electrocution is severely damaged.
You slash the deep elf death mage!
The deep elf death mage is engulfed in blazing flames.
The deep elf death mage is infused with unholy energy.
You die...

################################
.......<........................
................................
#######)########'######)..######
..............§§..§*..'...# ,
.................e........# ,
.......<......§.@(e..)....# ,
###..#'#####'######...#...# ,*
########........#...#e..# ,
#........#...#...# , ,
#........#...#...# , ,
#........#...#...# , ,
###+######...( ,.#, , +,,, #..
....#.,, , , , #. ,....# *


You could see 2 deep elf death magi, a lost soul and a war axe of electrocution.

Vanquished Creatures
  Nikola (Shoals:4)
  Arachne (Spider:4)
  Rupert (Lair:5)
  A kraken (Shoals:1)
  Roxanne (Elf:1)
  5 ghost moths
  The ghost of Lodesk the Cleaver, a journeyman DgSk (Shoals:3)
  A juggernaut zombie (D:15)
  4 emperor scorpions
  A deep elf elementalist (Elf:3)
  The ghost of PeterLawrence the Basher, a journeyman MiFi of Okawaru (Orc:1)
  4 entropy weavers (Spider:4)
  Azrael (D:14)
  5 deep elf death magi
  A minotaur (shapeshifter) (D:12)
  2 merfolk javelineers
  An ettin (Orc:1)
  5 spark wasps
  A fire dragon (Lair:6)
  7 merfolk impalers
  Josephine (Lair:5)
  6 hydras
  Fannar (Orc:1)
  Harold (D:9)
  A merfolk avatar (Shoals:4)
  A vault guard (D:14)
  7 merfolk aquamancers
  Erica (D:9)
  21 two-headed ogres
  7 death yaks
  5 satyrs
  22 dancing weapons
  4 centaur warriors
  3 tengu warriors (D:14)
  3 ogre magi
  2 deep troll earth magi (D:13)
  A vampire mage (D:15)
  An orc high priest (Orc:2)
  Urug (D:10)
  17 deep elf knights
  Sonja (Orc:1)
  A small abomination (Elf:1)
  2 skeletal warriors
  The ghost of Loge the Spear-Bearer, a novice MfSk of Yredelemnul (D:8)
  A deep troll (shapeshifter) (D:13)
  4 unseen horrors
  11 sea snakes
  A swamp dragon (Lair:6)
  Pikel (D:7)
  12 deep elf archers
  2 orc knights
  2 deep trolls (Orc:1)
  A necromancer (D:15)
  A golden dragon skeleton (D:15)
  20 harpies
  54 deep elf magi
  2 oklob plants
  An orc sorcerer (Orc:1)
  24 orb spiders
  A stone giant zombie (D:15)
  28 wolf spiders
  12 manticores
  4 ugly things
  A salamander (shapeshifter) (D:13)
  21 fauns
  3 slime creatures (D:12)
  11 cyclopes
  A moth of wrath (Spider:4)
  Joseph (D:7)
  An elephant (Lair:4)
  10 merfolk sirens
  6 water nymphs
  An iron dragon skeleton (D:15)
  4 gargoyles
  5 black mambas
  13 spiny frogs
  7 torpor snails
  2 efreet
  3 rime drakes
  6 komodo dragons
  A spectral sea snake (Shoals:3)
  A kobold demonologist (D:11)
  12 demonic crawlers
  A spectral water nymph (Shoals:3)
  24 jumping spiders
  20 trolls
  41 merfolk
  2 tengu conjurers (D:14)
  A wind drake (shapeshifter) (D:15)
  6 polar bears
  4 wind drakes
  5 hornets
  A spectral orc (Orc:1)
  A spectral manticore (Shoals:3)
  Prince Ribbit (D:9)
  8 blink frogs
  2 dream sheep (Shoals:4)
  A spectral merfolk (Shoals:3)
  A meliai zombie (D:13)
  15 hippogriffs
  6 snapping turtles
  37 redbacks
  2 centaur simulacra
  A shadow (D:12)
  2 air elementals (Elf:1)
  An orc simulacrum (Orc:1)
  17 yaks
  37 tarantellas
  6 fire elementals
  2 wyverns (Lair:4)
  2 hungry ghosts
  4 wraiths
  Grum (D:9)
  A basilisk (Lair:1)
  Eustachio (D:4)
  14 water elementals
  3 steam dragons
  4 vampire mosquitoes
  Menkaure (Ossuary)
  2 insubstantial wisps (D:7)
  5 wargs
  A soldier ant (D:11)
  3 acid dragons
  3 hell hounds (D:14)
  9 water moccasins
  3 porcupines
  2 swamp drakes
  A swamp drake (shapeshifter) (D:14)
  2 slaves (D:7)
  7 ice beasts
  30 orc warriors
  3 phantoms
  7 black bears
  10 sky beasts
  33 ogres
  11 wolves
  13 centaurs
  7 crocodiles
  A necrophage (D:7)
  A big kobold (D:10)
  2 spectral cyclopes (Shoals:3)
  19 bullfrogs
  A water nymph simulacrum (Shoals:3)
  2 spectral wargs (Orc:1)
  3 scorpions
  2 wyvern skeletons
  5 killer bees (D:11)
  4 merfolk simulacra (Shoals:3)
  16 wights
  6 howler monkeys
  6 electric eels
  4 crimson imps
  4 centaur zombies
  6 hounds
  A bullfrog zombie (D:12)
  6 jellies
  2 bullfrog skeletons
  2 centaur skeletons
  30 orc priests
  A cyclops simulacrum (Orc:1)
  Ijyb (D:4)
  27 orc wizards
  5 iguanas
  10 worker ants
  A hound zombie (D:6)
  2 hound skeletons
  2 mummies (Ossuary)
  A worker ant zombie (D:6)
  7 gnolls
  6 adders
  An ogre simulacrum (Orc:1)
  3 shadow imps
  2 oozes
  2 adder skeletons
  4 worms
  2 dart slugs (D:1)
  7 leopard geckos
  112 orcs
  7 bats
  3 giant cockroaches
  A gnoll zombie (Ossuary)
  4 goblins
  9 hobgoblins
  13 jackals
  15 kobolds
  3 quokkas
  A ball python (D:5)
  5 frilled lizards
  6 gnoll skeletons (Ossuary)
  2 goblin skeletons (Ossuary)
  A goblin zombie (Ossuary)
  A hobgoblin skeleton (Ossuary)
  2 hobgoblin zombies (Ossuary)
  2 kobold skeletons (Ossuary)
  A kobold zombie (Ossuary)
  3 orc skeletons (Ossuary)
  6 orc zombies (Ossuary)
  2 quokka skeletons
  A quokka zombie (D:5)
  9 rats
  2 rat skeletons (Ossuary)
  4 rat zombies (Ossuary)
  A bush (Lair:5)
  3 butterflies
  3 crawling corpses (Elf:1)
  A fungus (Elf:2)
  3 plants
  3 tentacles (Shoals:1)
  A withered plant (D:15)
1313 creatures vanquished.

Vanquished Creatures (collateral kills)
  A basilisk (Lair:3)
1 creature vanquished.

Vanquished Creatures (others)
  A deep elf mage (D:14)
  A merfolk siren (Shoals:4)
  A komodo dragon (Lair:6)
  2 hornets (Spider:4)
  A slave (D:7)
  A basilisk (Lair:6)
  A fire elemental (Elf:1)
  A sky beast (D:7)
  A centaur (D:13)
  A hound (D:7)
  A mummy (Ossuary)
  An orc (D:13)
  A gnoll zombie (Ossuary)
  A goblin skeleton (Ossuary)
  2 goblin zombies (Ossuary)
  2 hobgoblin skeletons (Ossuary)
  3 hobgoblin zombies (Ossuary)
  2 kobold skeletons (Ossuary)
  3 orc skeletons (Ossuary)
  4 orc zombies (Ossuary)
  A rat skeleton (Ossuary)
  A crawling corpse (Elf:1)
  4 fungi
  20 plants
  A tentacle (Shoals:1)
  2 withered plants (D:15)
60 creatures vanquished.

Grand Total: 1374 creatures vanquished

Notes
Turn   | Place    | Note
-------+----------+-------------------------------------------
     0 | D:1      | dvd the Minotaur Gladiator began the quest for the Orb.
     0 | D:1      | Reached XP level 1. HP: 18/18 MP: 0/0
    28 | D:1      | Reached XP level 2. HP: 13/25 MP: 1/1
   556 | D:2      | Reached skill level 5 in Axes
   556 | D:2      | Reached XP level 3. HP: 26/30 MP: 2/2
   607 | D:2      | Reached XP level 4. HP: 21/37 MP: 3/3
   751 | D:2      | Reached skill level 1 in Armour
   767 | D:2      | Found a deep blue altar of Sif Muna.
   825 | D:2      | Found an ancient bone altar of Kikubaaqudgha.
  1666 | D:3      | Found a radiant altar of Vehumet.
  1789 | D:3      | Reached XP level 5. HP: 44/44 MP: 4/4
  2134 | D:3      | Reached skill level 3 in Fighting
  2491 | D:4      | Found Nenetusk's Distillery.
  2504 | D:4      | Bought a potion of heal wounds for 70 gold pieces
  2504 | D:4      | Bought 2 potions of degeneration for 28 gold pieces
  2504 | D:4      | Bought a potion of curing for 42 gold pieces
  2516 | D:4      | Noticed a phantom
  2566 | D:4      | Killed a phantom
  2566 | D:4      | Reached XP level 6. HP: 25/51 MP: 5/5
  2840 | D:4      | Found a shadowy altar of Dithmenos.
  2843 | D:4      | Noticed Eustachio
  2854 | D:4      | Noticed Ijyb
  2858 | D:4      | Killed Eustachio
  2858 | D:4      | Reached XP level 7. HP: 22/57 MP: 6/6
  2928 | D:4      | Killed Ijyb
  2931 | D:4      | Got a crystal hunting sling
  2932 | D:4      | Identified the cursed +0 hunting sling of Kuga {venom,
                  | rPois Str+6 Int+4} (You took it off Ijyb on level 4 of the
                  | Dungeon)
  3667 | D:4      | Reached skill level 5 in Armour
  3717 | D:4      | Reached skill level 1 in Slings
  3755 | D:4      | Found Xuckeonn's Gadget Boutique.
  3904 | D:5      | Entered Level 5 of the Dungeon
  3934 | D:5      | Reached skill level 4 in Fighting
  4119 | D:5      | Found a staircase to the Ecumenical Temple.
  4125 | Temple   | Entered the Ecumenical Temple
  4254 | Temple   | Became a worshipper of Qazlal Stormbringer
  4392 | D:5      | Found Ituib's Armour Shoppe.
  4455 | D:5      | Reached XP level 8. HP: 67/67 MP: 7/7
  5125 | D:6      | Reached skill level 5 in Slings
  5406 | D:6      | Reached skill level 5 in Fighting
  5537 | D:6      | Found an iron altar of Okawaru.
  5542 | D:6      | Found a snail-covered altar of Cheibriados.
  5841 | D:7      | Noticed Pikel
  5869 | D:7      | Killed Pikel
  5869 | D:7      | Reached XP level 9. HP: 39/74 MP: 8/8
  5916 | D:7      | Reached * piety under Qazlal
  5985 | D:7      | Found a sand-covered staircase.
  6027 | Ossuary  | Entered an ossuary
  6301 | Ossuary  | Reached ** piety under Qazlal
  6406 | Ossuary  | Noticed Menkaure
  6412 | Ossuary  | Killed Menkaure
  6526 | D:7      | Found a shattered altar of Ashenzari.
  6539 | D:7      | Reached skill level 6 in Fighting
  6590 | D:7      | Noticed Joseph
  6616 | D:7      | Reached skill level 5 in Dodging
  7361 | D:7      | Killed Joseph
  7361 | D:7      | Reached XP level 10. HP: 71/84 MP: 9/9
  7481 | D:7      | Reached skill level 7 in Fighting
  7968 | D:8      | Got a warped trident
  7969 | D:8      | Identified the +0 trident "Ciduceegh" {drain, rC++} (You
                  | found it on level 8 of the Dungeon)
  8035 | D:8      | Reached *** piety under Qazlal
  8929 | D:8      | Found a staircase to the Lair.
  8983 | D:8      | Reached skill level 10 in Slings
  9450 | D:8      | Found a runed door.
  9450 | D:8      | Found a shimmering altar of Xom.
  9450 | D:8      | Noticed a quarterstaff of chaos
  9450 | D:8      | Noticed Loge's ghost (novice MfSk)
  9685 | D:9      | Noticed Erica
  9717 | D:9      | Killed Erica
  9717 | D:9      | Reached skill level 8 in Fighting
  9752 | D:9      | Noticed a two-headed ogre
  9770 | D:9      | Killed a two-headed ogre
 10460 | D:9      | Reached XP level 11. HP: 95/95 MP: 10/10
 10461 | D:9      | Noticed Prince Ribbit
 10470 | D:9      | Killed Prince Ribbit
 10493 | D:9      | Noticed Grum
 10501 | D:9      | Noticed Harold
 11075 | D:9      | Killed Grum
 11076 | D:9      | Killed Harold
 11076 | D:9      | Reached skill level 1 in Stealth
 11191 | Lair:1   | Entered Level 1 of the Lair of Beasts
 11288 | Lair:1   | Reached skill level 1 in Invocations
 11384 | Lair:1   | Noticed a six-headed hydra
 11396 | Lair:1   | Killed a three-headed hydra
 11403 | Lair:1   | Reached skill level 1 in Polearms
 11547 | Lair:1   | Reached skill level 9 in Fighting
 11846 | Lair:1   | Reached **** piety under Qazlal
 11906 | Lair:1   | Noticed a five-headed hydra
 11920 | Lair:1   | Killed a five-headed hydra
 12577 | Lair:2   | Reached skill level 10 in Fighting
 12760 | Lair:2   | Found a hole to the Spider Nest.
 13322 | Lair:3   | Reached XP level 12. HP: 91/106 MP: 12/12
 13350 | Lair:3   | Noticed a six-headed hydra
 13355 | Lair:3   | Killed a six-headed hydra
 13355 | Lair:3   | Reached skill level 1 in Shields
 13383 | Lair:3   | Reached skill level 10 in Axes
 13592 | Lair:3   | Noticed a death yak
 13608 | Lair:3   | Killed a death yak
 14062 | Lair:3   | Gained mutation: You possess an exceptional clarity of
                  | mind. [potion of mutation]
 14062 | Lair:3   | Gained mutation: You are robust. (+10% HP) [potion of
                  | mutation]
 14062 | Lair:3   | Gained mutation: Scrolls take you a little longer to read.
                  | [potion of mutation]
 14062 | Lair:3   | Gained mutation: Your muscles are strong. (Str +2) [potion
                  | of mutation]
 14064 | Lair:3   | Reached skill level 11 in Fighting
 14064 | Lair:3   | Reached skill level 5 in Throwing
 14064 | Lair:3   | Reached skill level 10 in Armour
 14064 | Lair:3   | Reached XP level 13. HP: 122/127 MP: 13/13
 14223 | Lair:3   | Found a staircase to the Shoals.
 15186 | Lair:4   | Reached ***** piety under Qazlal
 16428 | Lair:4   | Reached skill level 12 in Fighting
 16557 | Lair:5   | Noticed Rupert
 16870 | Lair:5   | Reached XP level 14. HP: 138/138 MP: 15/15
 16890 | Lair:5   | Killed Rupert
 17487 | Lair:6   | Entered Level 6 of the Lair of Beasts
 17498 | Lair:6   | Noticed Josephine
 17511 | Lair:5   | Killed Josephine
 17788 | Lair:6   | Reached skill level 5 in Maces & Flails
 18658 | D:8      | Killed Loge's ghost
 18720 | D:10     | Entered Level 10 of the Dungeon
 18742 | D:10     | Reached skill level 5 in Invocations
 18820 | D:10     | Noticed Urug
 18833 | D:10     | Killed Urug
 20373 | D:11     | Found a staircase to the Orcish Mines.
 20814 | Orc:1    | Entered Level 1 of the Orcish Mines
 20921 | Orc:1    | Reached skill level 5 in Shields
 20939 | Orc:1    | Found a burning altar of Makhleb.
 20960 | Orc:1    | Noticed Sonja
 20979 | Orc:1    | Reached ****** piety under Qazlal
 20984 | Orc:1    | Killed Sonja
 21070 | Orc:1    | Noticed Fannar
 21078 | Orc:1    | Killed Fannar
 21331 | Orc:1    | Paralysed by an orc sorcerer for 6 turns
 21497 | Orc:1    | Found a runed gate.
 21497 | Orc:1    | Found a runed gate.
 21497 | Orc:1    | Found a runed gate.
 21498 | Orc:1    | Noticed PeterLawrence's ghost (journeyman MiFi)
 21528 | Orc:1    | Killed PeterLawrence's ghost
 21599 | Orc:2    | Entered Level 2 of the Orcish Mines
 21599 | Orc:2    | Found a staircase to the Elven Halls.
 21605 | Orc:2    | Reached skill level 13 in Fighting
 21793 | Orc:2    | Found Emax's Weapon Boutique.
 22124 | Orc:2    | Found Mozxoica's Assorted Antiques.
 22361 | Orc:1    | Reached XP level 15. HP: 49/148 MP: 19/19
 23182 | Orc:1    | Reached skill level 10 in Maces & Flails
 23418 | Orc:2    | Found Gapsoz's Gadget Shoppe.
 23439 | Orc:2    | Found Seareul's Food Boutique.
 23560 | Orc:2    | Bought a runed cloak for 187 gold pieces
 23880 | Orc:2    | Found a roughly hewn altar of Beogh.
 25328 | D:13     | Paralysed by an ogre mage for 6 turns
 26030 | D:13     | Found a runed door.
 26038 | D:13     | Reached skill level 14 in Fighting
 26817 | D:14     | Noticed Azrael
 26830 | D:14     | Killed Azrael
 26914 | D:14     | Found a gate to the Vaults.
 26990 | D:14     | Found a shimmering altar of Xom.
 26991 | D:14     | Found a shimmering altar of Xom.
 26992 | D:14     | Found a shimmering altar of Xom.
 27004 | D:14     | Reached XP level 16. HP: 138/160 MP: 21/21
 27520 | D:14     | Learned a level 2 spell: Blink
 27569 | D:14     | Found a shimmering altar of Xom.
 27570 | D:14     | Found a shimmering altar of Xom.
 28017 | D:15     | Entered Level 15 of the Dungeon
 28045 | D:15     | Reached skill level 1 in Translocations
 28069 | D:15     | Found a staircase to the Depths.
 29213 | D:15     | Got a coiled ruby amulet
 29217 | D:15     | Identified the amulet "Wicod" {Faith rC+} (You found it on
                  | level 15 of the Dungeon)
 29527 | D:15     | Found a shattered altar of Ashenzari.
 29814 | Spider:1 | Entered Level 1 of the Spider Nest
 30079 | Spider:1 | Reached skill level 10 in Dodging
 31284 | Spider:2 | Reached skill level 10 in Invocations
 32343 | Spider:4 | Entered Level 4 of the Spider Nest
 32364 | Spider:3 | Reached XP level 17. HP: 105/169 MP: 23/23
 33027 | Spider:4 | Reached skill level 15 in Fighting
 33202 | Spider:4 | Noticed Arachne
 33237 | Spider:4 | Killed Arachne
 35061 | Spider:4 | Got a gossamer rune of Zot
 35463 | Shoals:1 | Entered Level 1 of the Shoals
 36057 | Shoals:1 | Noticed a kraken
 36067 | Shoals:1 | Killed a kraken
 36725 | Shoals:2 | Reached XP level 18. HP: 129/182 MP: 25/25
 36774 | Shoals:2 | HP: 6/182 [merfolk impaler/trident (12)]
 37643 | Shoals:2 | Lost mutation: Scrolls take you a little longer to read.
                  | [potion of mutation]
 37643 | Shoals:2 | Lost mutation: Your muscles are strong. (Str +2) [potion of
                  | mutation]
 37643 | Shoals:2 | Lost mutation: You are robust. (+10% HP) [potion of
                  | mutation]
 37643 | Shoals:2 | Gained mutation: Your flesh is heat resistant. (rF+)
                  | [potion of mutation]
 37643 | Shoals:2 | Gained mutation: You are clumsy. (Dex -2) [potion of
                  | mutation]
 37643 | Shoals:2 | Gained mutation: You evolve. [potion of mutation]
 38286 | Shoals:3 | Found a runed gate.
 38288 | Shoals:3 | Found a runed gate.
 38288 | Shoals:3 | Noticed Lodesk's ghost (journeyman DgSk)
 38295 | Shoals:3 | Found a runed gate.
 38322 | Shoals:3 | Killed Lodesk's ghost
 38322 | Shoals:3 | Reached skill level 16 in Fighting
 38496 | Shoals:3 | Reached skill level 10 in Shields
 38911 | Shoals:4 | Entered Level 4 of the Shoals
 40074 | Shoals:4 | Got a transparent arbalest
 40079 | Shoals:3 | Identified the +9 arbalest of Pride {venom, rF- Dex+8} (You
                  | took it off a merfolk siren on level 4 of the Shoals)
 40332 | Shoals:4 | Reached skill level 15 in Maces & Flails
 40542 | Shoals:4 | Noticed Nikola
 40579 | Shoals:4 | Killed Nikola
 40642 | Shoals:3 | Gained mutation: You passively map a small area around you.
                  | [evolution]
 41033 | Shoals:4 | Got a barnacled rune of Zot
 41751 | Elf:1    | Entered Level 1 of the Elven Halls
 41822 | Elf:1    | Found a shimmering altar of Xom.
 42019 | Elf:1    | Noticed Roxanne
 42041 | Elf:1    | Killed Roxanne
 42105 | Elf:1    | Found Dodur's Magic Scroll Shop.
 42113 | Elf:1    | Bought a scroll of enchant weapon for 75 gold pieces
 42198 | Elf:1    | Reached XP level 19. HP: 141/174 MP: 27/27
 42360 | Elf:1    | Reached skill level 15 in Axes
 43618 | Elf:2    | Reached skill level 17 in Fighting
 44129 | Elf:2    | Found a runed gate.
 44129 | Elf:2    | Found a runed gate.
 44129 | Elf:2    | Found a runed gate.
 45438 | Elf:3    | Entered Level 3 of the Elven Halls
 45516 | Elf:3    | HP: 2/177 [deep elf death mage/bolt of negative energy
                  | (26)]
 45519 | Elf:3    | Killed from afar by a deep elf death mage

Skill      XL: |  1  2  3  4  5  6  7  8  9 10 11 12 13 14 15 16 17 18 19 |
---------------+----------------------------------------------------------+-----
Axes           | 4 5 6 7 8 9 10 11 12 13 14 15 | 15.7
Armour         | 2 3 4 5 6 7 9 10 11 12 13 | 13.2
Dodging        | 4 5 6 7 8 9 10 11 | 11.6
Fighting       | 3 4 5 6 8 10 11 12 13 14 15 16 17 | 17.3
Slings         | 3 7 9 11 12 13 14 | 14.4
Throwing       | 3 5 6 7 |  7.1
Stealth        | 1 3 |  3.7
Invocations    | 1 2 3 6 8 10 11 12 13 | 13.3
Polearms       | 3 4 |  4.0
Shields        | 3 4 5 7 8 9 10 11 | 11.0
Maces & Flails | 2 4 9 12 13 14 15 | 15.7
Evocations     | 2 |  2.2
Translocations | 1 |  1.6

Action                   |  1- 3 |  4- 6 |  7- 9 | 10-12 | 13-15 | 16-18 | 19-21 || total
-------------------------+-------+-------+-------+-------+-------+-------+-------++-------
Melee: War axe           |    50 |    53 |     6 |       |       |       |       ||   109
       Headbutt          |     9 |    16 |    43 |    60 |   205 |   271 |    51 ||   655
       Hand axe          |       |    65 |   156 |   208 |   158 |    51 |       ||   638
       Dire flail        |       |       |       |    20 |    26 |       |       ||    46
       Trident           |       |       |       |    15 |       |       |       ||    15
       Battleaxe         |       |       |       |     3 |    12 |   375 |   110 ||   500
       Glaive            |       |       |       |    10 |       |       |       ||    10
       Mace              |       |       |       |     5 |       |       |       ||     5
       Great mace        |       |       |       |       |   597 |   552 |   120 ||  1269
 Fire: Hunting sling     |       |       |   243 |   325 |   326 |   567 |   249 ||  1710
Throw: Tomahawk          |       |     7 |    10 |    32 |    40 |    37 |     9 ||   135
       Throwing net      |       |     1 |       |       |     8 |     7 |       ||    16
       Javelin           |       |       |       |       |    27 |    48 |       ||    75
Invok: Upheaval          |       |       |       |     4 |     4 |     6 |       ||    14
       Disaster Area     |       |       |       |       |     2 |     8 |       ||    10
Evoke: Wand              |       |       |       |     4 |     3 |    13 |       ||    20
  Use: Potion            |       |     1 |     3 |     8 |     6 |    13 |     4 ||    35
       Scroll            |       |       |     9 |    11 |    12 |    16 |     2 ||    50
 Stab: Paralysed         |       |       |       |     2 |       |       |       ||     2
       Invisible         |       |       |       |       |     1 |       |       ||     1
       Held in net/web   |       |       |       |       |     3 |       |       ||     3
       Distracted        |       |       |       |       |       |     1 |       ||     1
  Eat: Chunk             |       |     6 |    10 |    21 |    34 |    31 |     6 ||   108
       Ration            |       |       |     2 |       |     2 |     5 |     1 ||    10
Armor: Leather armour    |     9 |       |       |       |       |       |       ||     9
       Scale mail        |    18 |    46 |    21 |    82 |   405 |   681 |   105 ||  1358
       Plate armour      |       |       |    68 |    55 |       |       |       ||   123
       Skin              |       |       |       |     5 |       |       |       ||     5
Dodge: Dodged            |    44 |    84 |    82 |   186 |   886 |  1140 |   151 ||  2573
       Deflected         |       |       |       |     1 |    27 |   112 |    27 ||   167
Block: Other             |       |       |     7 |    71 |   412 |   598 |   100 ||  1188
       Buckler           |       |       |       |       |       |    33 |       ||    33
